AoeStats
← Tetsu.Japan

Fortress

509125405Analyzed
4v4 RM · 7d ago on Sep 25, 2026· 34m 30s· 8 players
Game mode
Random Map
Map size
Huge
Population
200
Speed
Normal
Resources
Standard
Victory
Conquest
Starting age
Dark Age
Ending age
Imperial Age
RankedLock teamsTeams togetherTeam positionsShared explorationLock speedFull tech treeHidden civsTurbo modeCheats
Victory
Defeat
🇯🇵 Ethiopians · Japan
1588
+12
🇹🇼 Britons · Taiwan
1555
+13
🇫🇷 Persians · France
1344
+21
🇯🇵 Persians · Japan
1274
+25
🇲🇽 Persians · Mexico
1499
-19
🇨🇳 Mongols · China
1487
-18
🇨🇦 Varangians · Canada
1478
-18
🇵🇦 Italians · Panama
1440
-16
Im2Good4YoMoma
8:24 Feudal Age
12:15 Castle Age
10:19 Double-Bit Axe
12:11 Horse Collar
13:11 Bow Saw
13:50 Wheelbarrow
13:02 Loom
20:38 Gold Mining
22:27 Stone Mining
22:36 Town Watch
26:19 Imperial Age
24:23 Bloodlines
25:50 Husbandry
26:02 Forging
25:58 Scale Barding Armor
26:17 Vendel Legacy
27:41 Iron Casting
28:16 Chain Barding Armor
27:53 Cavalier
30:31 Blast Furnace
33:40 Plate Barding Armor
33:24 Light Cavalry
Xerg
7:53 Feudal Age
11:33 Castle Age
12:38 Loom
16:28 Imperial Age
14:04 Double-Bit Axe
15:12 Bow Saw
15:36 Gold Mining
15:45 Fletching
16:21 Bodkin Arrow
18:56 Chemistry
18:26 Conscription
18:50 Ballistics
22:21 Bracer
29:12 Elite Genoese Crossbowman
30:08 Padded Archer Armor
32:17 Leather Archer Armor
The_ Rock
6:55 Feudal Age
10:44 Castle Age
8:59 Double-Bit Axe
9:09 Horse Collar
12:47 Bow Saw
19:03 Wheelbarrow
18:37 Heavy Plow
19:58 Hand Cart
21:46 Loom
26:54 Imperial Age
24:32 Scale Barding Armor
24:43 Bloodlines
24:34 Husbandry
25:44 Chain Barding Armor
25:57 Forging
25:54 Gold Mining
27:15 Iron Casting
27:40 Gold Shaft Mining
27:34 Conscription
27:52 Plate Barding Armor
26:39 Cavalier
28:28 Crop Rotation
28:58 Two-Man Saw
29:52 Blast Furnace
28:20 Savar
29:37 Caravan
31:46 Heavy Camel Rider
33:00 Elite War Elephant
归来仍只会种田
7:31 Feudal Age
8:11 Double-Bit Axe
8:45 Horse Collar
11:08 Castle Age
12:16 Bow Saw
16:29 Gold Mining
26:46 Imperial Age
24:27 Husbandry
25:24 Wheelbarrow
25:44 Gold Shaft Mining
25:31 Bloodlines
25:29 Scale Barding Armor
26:28 Fletching
27:08 Hand Cart
26:40 Loom
27:28 Thumb Ring
27:20 Bodkin Arrow
27:26 Padded Archer Armor
27:53 Ballistics
28:34 Chemistry
28:31 Conscription
28:17 Bracer
28:27 Stone Mining
31:12 Leather Archer Armor
31:25 Parthian Tactics
31:00 Elite Mangudai
33:05 Elite Skirmisher
34:42 Hand Cart
Tetsu.Japan
7:36 Feudal Age
10:21 Double-Bit Axe
12:57 Castle Age
12:19 Horse Collar
17:48 Bow Saw
19:35 Loom
23:30 Wheelbarrow
27:50 Heavy Plow
30:23 Imperial Age
27:40 Town Watch
28:13 Caravan
29:15 Hand Cart
29:22 Hand Cart
29:30 Scale Barding Armor
29:36 Husbandry
29:48 Bloodlines
30:56 Chain Barding Armor
30:47 Forging
31:06 Conscription
32:10 Two-Man Saw
33:27 Plate Barding Armor
32:52 Elite War Elephant
34:03 Fletching
34:16 Stone Mining
34:16 Gold Mining
happikon.6139
7:17 Feudal Age
8:23 Double-Bit Axe
11:06 Castle Age
8:53 Horse Collar
12:06 Bow Saw
15:37 Wheelbarrow
15:48 Loom
18:38 Hand Cart
18:46 Heavy Plow
20:56 Scale Mail Armor
20:47 Town Watch
20:48 Loom
23:36 Imperial Age
20:54 Loom
22:01 Gold Mining
23:33 Gold Shaft Mining
22:21 Crossbowman
23:07 Thumb Ring
22:53 Fletching
23:55 Bodkin Arrow
24:03 Padded Archer Armor
25:35 Chemistry
24:57 Ballistics
24:05 Arbalester
24:52 Bracer
25:09 Leather Archer Armor
24:49 Arbalester
25:04 Capped Ram
27:02 Ring Archer Armor
26:33 Scale Mail Armor
26:48 Squires
27:00 Halberdier
28:05 Conscription
28:43 Chain Mail Armor
28:39 Forging
30:31 Plate Mail Armor
30:37 Iron Casting
30:49 Siege Ram
34:47 Blast Furnace
34:26 Arson
sci621
7:11 Feudal Age
11:21 Castle Age
9:08 Double-Bit Axe
10:31 Gold Mining
10:23 Horse Collar
16:49 Gold Mining
21:26 Fletching
21:51 Padded Archer Armor
22:14 Bodkin Arrow
22:58 Stone Mining
23:43 Gold Shaft Mining
23:51 Leather Archer Armor
24:29 Wheelbarrow
23:41 Loom
29:36 Imperial Age
27:29 Masonry
28:52 Ballistics
30:04 Fortified Wall
30:19 Bracer
30:51 Architecture
31:23 Chemistry
31:56 Town Watch
Psychedelonaut
4:53 Loom
7:23 Feudal Age
11:03 Castle Age
9:21 Double-Bit Axe
9:21 Horse Collar
11:18 Wheelbarrow
18:18 Heavy Plow
19:41 Bow Saw
19:17 Town Watch
21:11 Gold Mining
25:44 Imperial Age
23:32 Hand Cart
23:51 Forging
23:47 Scale Barding Armor
24:59 Bloodlines
24:50 Husbandry
25:27 Iron Casting
26:21 Chain Barding Armor
25:38 Elite War Elephant
27:57 Blast Furnace
28:17 Plate Barding Armor
27:47 Light Cavalry
29:30 Crop Rotation
29:40 Conscription
29:40 Heavy Camel Rider
32:40 Caravan
Connection lost

Rejoining the realm…

Still unreachable

The connection could not be restored.

Session expired

The server has moved on; the page needs a fresh start.